Map: Blackpink LE

Players

Namshar - Winner!

  • Race: Zerg Zerg
  • League: Grandmaster
  • Spawn Location: 7:00

HeroMarine

  • Race: Terran Terran
  • League: Master
  • Spawn Location: 1:00

Event: HomeStory Cup XVI

VOD

Have the link to the VOD?

Description

Time

  • Played on: Nov. 10, 2017, 1:22 p.m.
  • Length: 16:38

All games in this series

Show
View Real Time Build Order
Export as new Build Order

Namshar Zerg - Winner!

Build Orders: Hatch First 

Get SALT Encoding   

  12  0:00  Drone  
  13  0:12  Overlord  
  13  0:17  Drone  
  14  0:30  Drone x2  
  14  0:34  Drone  
  17  0:51  Hatchery  
  17  0:54  Drone  
  17  0:57  Drone  
  18  1:08  Extractor  
  17  1:12  Spawning Pool  
  17  1:14  Drone  
  17  1:18  Drone  
  18  1:27  Drone  
  19  1:38  Overlord  
  19  1:50  Drone  
  20  1:58  Queen  
  20  1:59  Zergling x2  
  23  2:02  Queen  
  23  2:03  Zergling x2  
  23  2:08  Metabolic Boost  
  26  2:10  Drone  
  26  2:14  Drone  
  28  2:22  Drone  
  29  2:25  Drone  
  30  2:33  Hatchery  
  30  2:35  Drone  
  30  2:42  Queen  
  32  2:47  Overlord  
  32  2:50  Drone  
  33  2:53  Drone  
  33  2:55  Drone  
  35  3:02  Overlord  
  35  3:04  Drone  
  36  3:07  Drone  
  36  3:08  Drone x3  
  40  3:14  Queen  
  42  3:21  Queen  
  42  3:24  Drone  
  45  3:28  Drone x2  
  45  3:30  Overlord  
  47  3:36  Zergling x2  
  47  3:40  Zergling x4  
  50  3:46  Zergling x4  
  50  3:48  Queen  
  54  3:51  Overlord  
  54  3:52  Queen  
  56  3:57  Drone x3  
  59  4:06  Overlord  
  59  4:11  Spore Crawler, Drone  
  59  4:12  Spore Crawler, Drone  
  59  4:19  Spore Crawler  
  59  4:20  Drone x5  
  63  4:37  Drone x2  
  63  4:38  Drone x9  
  74  4:42  Lair  
  74  4:53  Overlord  
  74  4:54  Extractor x2, Baneling Nest  
  74  4:55  Extractor  
  70  5:00  Drone x5  
  70  5:01  Queen  
  76  5:07  Zergling x2  
  76  5:08  Zergling x4  
  76  5:11  Overlord x2  
  79  5:22  Zergling x8  
  78  5:29  Zergling x12  
  78  5:34  Zergling x2  
  79  5:40  Zergling x4  
  79  5:41  Zergling x12  
  78  5:51  Drone  
  78  5:54  Centrifical Hooks  
  78  5:55  Evolution Chamber, Drone  
  78  5:56  Evolution Chamber, Queen, Drone  
  79  5:58  Drone  
  79  6:02  Drone  
  79  6:03  Drone, Hatchery  
  83  6:07  Drone  
  84  6:14  Overseer  
  83  6:19  Drone x3  
  83  6:20  Drone  
  83  6:23  Spore Crawler  
  85  6:34  Queen  
  85  6:35  Queen  
  85  6:36  Extractor  
  85  6:37  Drone x3  
  85  6:38  Drone  
  85  6:39  Extractor, Zerg Ground Armor Level 1, Zerg Melee Weapons Level 1  
  91  6:40  Drone  
  91  6:41  Drone x3  
  91  6:42  Infestation Pit  
  91  6:44  Drone x2  
  96  6:50  Overlord x3  
  95  6:55  Overlord  
  95  6:58  Drone x2  
  97  7:03  Overlord x3  
  97  7:07  Hatchery  
  95  7:15  Zergling x14  
  93  7:18  Zergling x6  
  93  7:19  Zergling x2  
  93  7:24  Hive  
  93  7:25  Burrow  
  93  7:26  Drone  
  94  7:34  Pathogen Glands  
  94  7:35  Drone x4  
  98  7:37  Baneling  
  98  7:38  Baneling x6  
  98  7:40  Zergling x10  
  98  7:42  Queen  
  105  7:46  Pneumatized Carapace  
  105  7:53  Zergling x10  
  105  7:54  Zergling x4  
  112  8:10  Drone, Infestor x4  
  112  8:11  Extractor, Drone x2  
  112  8:12  Drone  
  123  8:15  Zergling x8  
  124  8:22  Baneling x2  
  124  8:23  Zergling x18  
  132  8:28  Zergling x4  
  132  8:31  Zergling x2  
  127  8:34  Zergling x4  
  127  8:37  Zergling x6  
  129  8:45  Queen x2  
  129  8:47  Drone  
  129  8:48  Adrenal Glands  
  134  8:49  Ultralisk Cavern  
  134  8:53  Queen  
  135  9:00  Baneling x6  
  135  9:04  Zergling x22  
  146  9:13  Zergling x8  
  146  9:14  Zergling x6  
  143  9:27  Zergling x12  
  143  9:28  Zergling x14  
  143  9:31  Queen  
  154  9:40  Chitinous Plating  
  154  9:42  Zerg Melee Weapons Level 2, Zerg Ground Armor Level 2, Drone, Hatchery  
  153  9:46  Baneling x8  
  153  9:48  Spire  
  151  9:56  Drone x2  
  151  9:58  Infestor x3  
  159  10:00  Overlord x4  
  152  10:10  Zergling x2  
  152  10:11  Zergling x22  
  143  10:18  Baneling  
  143  10:19  Baneling x5  
  141  10:31  Ultralisk x2  
  140  10:43  Ultralisk, Zergling x14  
  144  10:50  Ultralisk, Zergling x2  
  144  10:51  Zergling x6  
  144  10:54  Ultralisk  
  160  11:00  Queen x2  
  160  11:08  Ultralisk, Zergling x20  
  157  11:17  Ultralisk, Zergling x8  
  157  11:18  Zergling x2  
  151  11:24  Zergling x6  
  145  11:25  Zergling x2  
  145  11:28  Baneling x2  
  145  11:31  Queen x2  
  145  11:32  Queen  
  145  11:34  Zergling x4  
  145  11:35  Zergling x2  
  140  11:40  Infestor x2  
  144  11:52  Ultralisk, Zergling x2  
  144  11:53  Zergling x16  
  159  12:02  Infestor  
  159  12:07  Infestor  
  154  12:16  Zergling x6  
  154  12:17  Zergling x6  
  154  12:20  Hatchery  
  157  12:25  Infestor x4  
  157  12:28  Queen x2  
  157  12:33  Ultralisk, Zergling x4  
  157  12:34  Zergling x12  
  159  12:49  Baneling  
  159  12:50  Baneling x4  
  159  12:51  Infestor  
  158  12:55  Queen  
  164  13:04  Zerg Melee Weapons Level 3, Zerg Ground Armor Level 3  
  162  13:05  Zergling x2  
  162  13:06  Zergling x10  
  168  13:15  Infestor  
  168  13:17  Overlord x3  
  169  13:41  Baneling x4, Infestor x2  
  173  13:49  Infestor  
  173  13:51  Zergling x16  
  173  13:52  Zergling x14  
  173  13:54  Extractor  
  173  13:55  Extractor  
  188  14:12  Infestor x2  
  190  14:17  Hatchery  
  187  14:29  Ultralisk, Zergling x2  
  187  14:30  Zergling x16  
  183  14:52  Ultralisk, Zergling x2  
  163  14:53  Zergling x22  
  152  15:01  Ultralisk  
  152  15:06  Queen x2  
  155  15:11  Baneling  
  155  15:12  Baneling x5  
  156  15:20  Ultralisk, Zergling x6  
  153  15:35  Ultralisk, Zergling x8  
  163  15:42  Ultralisk  
  169  15:48  Ultralisk  
  173  15:55  Ultralisk  
  159  16:16  Drone  
  159  16:21  Baneling x5  
  159  16:23  Hatchery  
Show
View Real Time Build Order
Export as new Build Order

HeroMarine Terran 

Build Orders: Hellion Banshee, MMM Bio 

Get SALT Encoding   

  12  0:00  SCV  
  13  0:12  SCV  
  14  0:20  Supply Depot  
  14  0:25  SCV  
  15  0:42  SCV  
  16  0:44  Barracks  
  16  0:46  Refinery  
  16  0:54  SCV  
  17  1:06  SCV  
  18  1:18  SCV  
  19  1:31  Orbital Command  
  19  1:32  Marine  
  20  1:41  Command Center  
  20  1:50  Marine  
  21  1:54  Factory  
  21  1:58  SCV  
  22  2:06  Supply Depot  
  22  2:10  SCV  
  22  2:12  Barracks Reactor  
  23  2:18  Refinery  
  23  2:28  SCV  
  24  2:38  Hellion  
  24  2:40  SCV  
  24  2:42  Starport  
  27  2:49  Marine  
  28  2:52  Orbital Command, SCV  
  29  3:04  SCV  
  30  3:11  Cyclone  
  30  3:12  Hellion  
  35  3:13  Marine  
  35  3:19  Supply Depot  
  37  3:24  Medivac  
  37  3:25  SCV x2  
  40  3:31  Barracks Tech Lab  
  40  3:37  SCV x2  
  40  3:39  Hellion  
  44  3:44  Supply Depot, Hellion  
  46  3:49  SCV  
  46  3:51  SCV  
  48  4:01  Cloaking Field, SCV, Banshee  
  52  4:03  SCV  
  52  4:08  Hellion x2  
  57  4:14  Supply Depot  
  57  4:20  Armory  
  57  4:21  SCV x2  
  59  4:33  SCV x2  
  59  4:36  Hellion x2  
  65  4:39  Supply Depot  
  67  4:51  Barracks Tech Lab  
  67  4:52  Command Center, Banshee  
  68  4:54  SCV x2  
  70  5:01  Supply Depot  
  70  5:12  Barracks  
  70  5:13  Barracks, SCV  
  70  5:14  SCV  
  72  5:15  Marine  
  72  5:16  Stimpack, Factory Reactor  
  73  5:25  SCV  
  73  5:26  SCV  
  70  5:32  Engineering Bay  
  70  5:33  Engineering Bay, Marine  
  63  5:38  SCV  
  63  5:40  SCV  
  59  5:47  Refinery  
  59  5:48  Refinery  
  50  5:50  SCV  
  50  5:51  Marine  
  50  5:54  Starport Reactor  
  52  5:58  Barracks x2  
  52  5:59  Terran Infantry Weapons Level 1  
  52  6:03  Factory Reactor  
  53  6:04  Marine x2  
  53  6:09  Orbital Command  
  53  6:10  Terran Infantry Armor Level 1  
  53  6:11  Marine x2  
  56  6:12  Marine  
  57  6:23  Marine x2  
  59  6:27  SCV x2  
  59  6:28  Marine x2  
  59  6:29  Marine  
  59  6:30  Orbital Command  
  61  6:39  SCV x2  
  63  6:41  Medivac x2, Marine x2  
  63  6:42  Supply Depot x2  
  63  6:46  Marine  
  70  6:47  Barracks Reactor  
  70  6:48  Barracks Reactor  
  70  6:50  Factory Reactor  
  70  6:51  SCV x2, Marine x2  
  70  6:54  Marine x2  
  75  6:56  SCV  
  75  6:58  Marine  
  75  6:59  Marine  
  79  7:03  SCV  
  79  7:04  SCV, Marine  
  79  7:08  SCV  
  83  7:09  Marine x2  
  83  7:11  Marine x2  
  80  7:15  SCV  
  80  7:16  SCV, Marine  
  80  7:17  Combat Shields, Marine  
  80  7:20  SCV  
  80  7:22  Marine  
  85  7:24  Medivac x2  
  85  7:25  Marine x2  
  85  7:27  Marine x2  
  85  7:28  SCV x2  
  85  7:29  Marine x2  
  96  7:31  Supply Depot  
  96  7:32  Supply Depot, SCV  
  96  7:34  Marine  
  96  7:35  Marine  
  100  7:38  Widow Mine x2  
  100  7:40  Supply Depot, SCV x2, Marine  
  100  7:42  Marine  
  100  7:43  Marine  
  109  7:45  Marine  
  109  7:48  Marauder, Marine x2  
  114  7:52  Marine  
  114  7:53  Marine  
  114  7:54  Supply Depot  
  114  7:55  Supply Depot x2  
  114  7:57  Terran Infantry Weapons Level 2, Marine  
  117  8:00  Marine  
  117  8:02  Marine x2  
  120  8:05  Marine  
  120  8:08  Medivac x2, Marine  
  120  8:09  Marine  
  120  8:10  Marine  
  120  8:11  Supply Depot, Marine  
  120  8:12  Refinery, Widow Mine  
  129  8:15  Widow Mine, Marine  
  129  8:18  Marine  
  129  8:19  Marine  
  135  8:22  Marine  
  135  8:23  Marine  
  135  8:26  Marine  
  135  8:27  Marauder  
  135  8:28  Marine  
  135  8:29  Marine  
  135  8:33  Marine  
  130  8:36  Marine  
  130  8:37  Marine  
  130  8:40  Marine  
  130  8:41  Widow Mine, Marine  
  133  8:44  Marine  
  133  8:46  Marine  
  133  8:48  Marine, Terran Infantry Armor Level 2  
  138  8:49  Marauder  
  138  8:51  Barracks x3, Marine  
  138  8:52  Supply Depot x2  
  138  8:54  Marine  
  138  8:55  Marine  
  143  8:58  Marine  
  143  9:01  Marine  
  143  9:02  Marine  
  147  9:04  Marine  
  147  9:06  Marine  
  147  9:09  Marine  
  150  9:10  Marauder  
  150  9:12  Marine  
  150  9:13  Marine  
  135  9:28  Marine x4  
  135  9:29  Medivac x2  
  135  9:30  Widow Mine x2  
  145  9:31  Marauder  
  145  9:32  Concussive Shells  
  145  9:34  Marine  
  146  9:42  Barracks Tech Lab x3  
  146  9:43  Marine x3  
  149  9:45  Marine  
  149  9:50  Marine x2  
  154  9:53  Marauder  
  154  9:56  Marine x2  
  151  10:09  Marauder, Marine x2  
  151  10:10  Marine  
  151  10:11  Marine x3  
  151  10:12  Marine x2  
  151  10:14  Marauder, Marine x2  
  151  10:16  Terran Infantry Weapons Level 3  
  153  10:24  Widow Mine x2  
  153  10:27  Marine x2  
  156  10:30  Marauder x2  
  156  10:31  Marauder  
  90  10:35  Marauder, Liberator x2  
  153  10:36  Marine x2  
  153  10:38  Marine x2  
  151  10:49  Marine x2  
  133  10:51  Marine x2  
  133  10:52  Marauder x3  
  133  10:54  Marine x2  
  133  10:56  Marine x2  
  152  10:58  Command Center  
  152  11:03  Marauder  
  154  11:07  Marine  
  154  11:08  Marine  
  154  11:09  Marine  
  152  11:12  Marine  
  152  11:13  Marine  
  152  11:14  Marine  
  152  11:16  Marine x2  
  152  11:17  Marine  
  152  11:18  Marine  
  144  11:19  Marauder  
  144  11:24  Liberator x2, Marine  
  144  11:25  Marine  
  145  11:26  Marine  
  145  11:27  Marine  
  145  11:36  Marauder  
  139  11:40  Marauder, Marine x4  
  139  11:41  Marauder, Widow Mine, Marine  
  139  11:44  Marauder  
  139  11:45  Marine x2  
  157  11:50  Marine  
  158  11:57  Marauder  
  158  11:58  Marine  
  161  12:02  Marauder x2  
  161  12:06  Marauder  
  158  12:18  Marauder  
  158  12:20  Marine x2  
  154  12:24  Medivac x2  
  154  12:28  Marine  
  154  12:29  Marauder x2, Marine x4  
  158  12:30  Marine  
  158  12:31  Marine  
  144  12:37  Marine  
  144  12:38  Marine  
  144  12:39  Marine  
  140  12:46  Marine  
  140  12:47  Marine x2  
  146  12:53  SCV x2  
  146  12:57  SCV  
  149  13:02  Medivac x2  
  149  13:06  Marauder x2  
  149  13:10  Sensor Tower  
  149  13:12  Marine  
  154  13:17  Supply Depot  
  154  13:19  Marine x2  
  160  13:20  Marauder, Planetary Fortress  
  160  13:21  Liberator x2, Marine x2  
  160  13:30  Marauder, Marine x4  
  160  13:31  Marine  
  165  13:38  Widow Mine  
  165  13:39  Widow Mine  
  177  13:41  Marauder  
  177  13:43  Marauder  
  179  13:49  Refinery, Marauder  
  179  13:50  Sensor Tower  
  179  13:54  Marauder  
  183  14:04  Liberator  
  183  14:07  Widow Mine x2  
  183  14:09  Marauder  
  189  14:12  Marine  
  189  14:13  Marine x2  
  189  14:14  Command Center  
  192  14:17  Marine  
  192  14:21  Marauder  
  192  14:23  Marine  
  194  14:29  Marauder  
  195  14:35  SCV  
  195  14:36  SCV  
  189  14:40  Marauder, Marine x3  
  189  14:41  Marauder, Marine  
  189  14:42  Marine x2  
  190  14:46  Marauder  
  190  14:52  Marauder, Orbital Command, Liberator  
  170  14:56  Marine  
  170  14:57  Marine  
  170  14:59  Marine x2  
  134  15:01  Marine x2  
  134  15:05  Marauder  
  130  15:08  Marine x4  
  130  15:14  Marauder  
  139  15:24  Marine x2  
  139  15:25  Liberator  
  139  15:26  Marauder  
  143  15:29  Marine  
  143  15:30  Marine  
  143  15:32  Marauder  
  143  15:33  Marauder, Marine x2  
  151  15:35  Marine x2  
  156  15:44  Widow Mine x2  
  156  15:46  Marauder  
  156  15:49  SCV  
  150  15:51  Marine  
  141  15:57  Planetary Fortress  
  135  16:05  Marauder, Marine  
  134  16:14  Marauder x2  
Tags
 
Add a new tag
Caveats
  • Supply blocks, unpowered buildings, or Contaminate may cause inaccurate times.
  • Supply counts are checked every 10 seconds.